 Dungeon Crawl Stone Soup version 0.21.1-1-g345015fe64 (webtiles) character file.

65 Gargoyl the Skirmisher (level 3, -1/31 HPs)
             Began as a Centaur Abyssal Knight on June 13, 2018.
             Was a Believer of Lugonu.
             Slain by a quokka (4 damage)
             ... on level 2 of the Dungeon.
             The game lasted 00:02:48 (1656 turns).

Gargoyl the Skirmisher (Centaur Abyssal Knight)     Turns: 1656, Time: 00:02:49

Health: -1/31      AC:  4    Str: 14    XL:     3   Next: 94%
Magic:  4/4        EV:  6    Int: 11    God:    Lugonu [**....]
Gold:   131        SH:  9    Dex:  9    Spells: 2/2 levels left

rFire    . . .     SeeInvis .   a - +1 hand axe
rCold    . . .     Gourm    .   f - +0 shield
rNeg     . . .     Faith    .   b - +0 leather armour
rPois    .         Spirit   .   (no helmet)
rElec    .         Reflect  +   (no cloak)
rCorr    .         Harm     .   (no gloves)
MR       .....                  (no barding)
Stlth    ..........             d - +3 amulet of reflection
HPRegen  0.10/turn              (no ring)
MPRegen  0.09/turn              (no ring)

@: very quick
A: large, hooves 3, deformed body, speed 2, tough skin 3
a: Depart the Abyss, Bend Space, Renounce Religion


You were on level 2 of the Dungeon.
You worshipped Lugonu.
Lugonu was pleased with you.
You were not hungry.

You visited 1 branch of the dungeon, and saw 2 of its levels.
You visited the Abyss 1 time.

You collected 131 gold pieces.

Inventory:

Hand Weapons
 a - a +1 hand axe (weapon)
Armour
 b - a +0 leather armour (worn)
 f - a +0 shield (worn)
Jewellery
 d - a +3 amulet of reflection (around neck)
Scrolls
 i - 2 scrolls of identify
Potions
 e - 3 potions of curing
 j - a potion of haste {unknown}
Comestibles
 c - 4 rations
 g - a chunk of flesh


   Skills:
 + Level 3.4 Fighting
 + Level 2.4 Axes
 * Level 2.2 Armour
 + Level 0.7 Dodging
 * Level 2.6 Invocations


You had 2 spell levels left.
You didn't know any spells.

Dungeon Overview and Level Annotations

Branches:
Dungeon (2/15)

Altars:
Makhleb


Innate Abilities, Weirdness & Mutations

You have hooves in place of feet.
Armour fits poorly on your strangely shaped body.
You cover ground very quickly.
You have extremely tough skin. (AC +3)


Message History

You block the leopard gecko's attack. The quokka bites you.
The leopard gecko bites you.
You barely miss the leopard gecko. Your kick misses the leopard gecko.
The leopard gecko is severely wounded.
You hit the quokka.
The leopard gecko bites you but does no damage.
The quokka bites you but does no damage.
You hit the leopard gecko but do no damage.
The leopard gecko is severely wounded.
You completely miss the quokka. The leopard gecko bites you.
* * * LOW HITPOINT WARNING * * *
You block the quokka's attack. The leopard gecko barely misses you.
The quokka bites you.
* * * LOW HITPOINT WARNING * * *
Unknown command.
You hit the leopard gecko but do no damage.
The leopard gecko is severely wounded.
You closely miss the quokka. You block the leopard gecko's attack.
The quokka bites you.
You die...

#,* #.................* *,*
#.......#.#######.* *,*
#.........# *,*
####***,**#.###.###.# **,*
...>,,,,*,#.* #.###.# *,,*
####***,,#.,**#..##<######.#***
*,,,...,,...##.........,,*
*,**##.##*#.##.######.#*,* ###
*,**.....*#@##.######,**,* ..#
*,*,......#lr.........,,,* #.#
*,*,......#....######.**** #.#
*,,,.._........# **,** #.#
*,*,......#....# **,,,** #.#
*,*,......#†...####.,,<,****
#.#
*,**)...(*#)$.......,,,,,,,*
..#
*,**##.##*#....####.,,,,**,*
#.#
*,,,.....$....(.....,,,***,,


You could see a leopard gecko and a quokka.

Vanquished Creatures
  An adder (D:2)
  2 dart slugs (D:1)
  A leopard gecko (D:2)
  2 bats (D:1)
  2 giant cockroaches (D:1)
  5 goblins
  4 hobgoblins
  7 jackals (D:1)
  A quokka (D:2)
  12 frilled lizards (D:1)
  8 kobolds
  7 rats
52 creatures vanquished.

Notes
Turn   | Place    | Note
-------+----------+-------------------------------------------
     0 | Abyss:1  | Gargoyl the Centaur Abyssal Knight began the quest for the Orb.
     0 | Abyss:1  | Reached XP level 1. HP: 19/19 MP: 2/2
    47 | Abyss:1  | Noticed a worldbinder
    48 | D:1      | Escaped the Abyss
   110 | D:1      | Reached * piety under Lugonu
   317 | D:1      | Reached XP level 2. HP: 23/26 MP: 3/3
   649 | D:1      | Reached XP level 3. HP: 26/31 MP: 4/4
   859 | D:1      | Reached ** piety under Lugonu
  1635 | D:2      | Found a burning altar of Makhleb.
  1656 | D:2      | Slain by a quokka

Skill      XL: |  1  2 |
---------------+-------+-----
Axes           | 2 |  2.4
Armour         | 2 |  2.2
Fighting       | |  3.4
Dodging        | |  0.7
Invocations    | |  2.6

Action                   || total
-------------------------++-------
Melee: Hand axe          ||   132
       Kick              ||    19
Invok: Depart the Abyss  ||     1
  Use: Scroll            ||     9
  Eat: Chunk             ||     2
Armor: Leather armour    ||    44
Dodge: Dodged            ||    54
Block: Other             ||    19
       Shield            ||     8
       Reflection        ||     1
